 Dungeon Crawl Stone Soup version 0.20.1-1-g8b1a95d (webtiles) character file.

215 Gremour the Slasher (level 5, -2/41 HPs)
             Began as a Demonspawn Monk on Nov 5, 2017.
             Slain by a gnoll
             ... wielding a +0 halberd
              (10 damage)
             ... on level 4 of the Dungeon.
             The game lasted 00:13:59 (3091 turns).

Gremour the Slasher (Demonspawn Monk)               Turns: 3091, Time: 00:13:59

Health: -2/41      AC:  8    Str: 14    XL:     5   Next: 60%
Magic:  5/5        EV: 13    Int: 13    God:
Gold:   207        SH:  0    Dex: 16    Spells: 4/4 levels left

rFire    + . .     SeeInvis .   a - +0 falchion
rCold    . . .     Gourm    .   (no shield)
rNeg     . . .     Faith    .   q - +3 leather armour {rF+}
rPois    .         Spirit   .   m - +0 helmet
rElec    .         Reflect  .   (no cloak)
rCorr    .         Harm     .   (no gloves)
MR       .....                  l - +0 pair of boots
Stlth    ++........             (no amulet)
Regen    0.2/turn               h - +2 ring of strength
MPRegen  0.1/turn               b - +2 ring of intelligence

@: no status effects
A: talons 1, powered by pain 1
a: no special abilities


You were on level 4 of the Dungeon.
You were not hungry.

You visited 1 branch of the dungeon, and saw 4 of its levels.

You collected 207 gold pieces.

Inventory:

Hand Weapons
 a - a +0 falchion (weapon)
 s - a +0 blowgun
Missiles
 t - 4 curare-tipped needles
 x - 31 arrows
Armour
 l - a +0 pair of boots (worn)
 m - a +0 helmet (worn)
 q - a +3 leather armour of fire resistance (worn)
Jewellery
 b - a +2 ring of intelligence (right hand)
 h - a +2 ring of strength (left hand)
Scrolls
 d - 3 scrolls of fog {unknown}
 g - 3 scrolls of remove curse {unknown}
 i - 2 scrolls of magic mapping {unknown}
 j - a scroll of teleportation {unknown}
 o - 2 scrolls of enchant weapon {unknown}
 r - a scroll of enchant armour {unknown}
 w - a scroll of immolation {unknown}
Potions
 e - a potion of degeneration {unknown}
 f - a potion of curing
 k - a potion of flight {unknown}
 n - a potion of ambrosia {unknown}
 v - a potion of magic {unknown}
Comestibles
 c - 2 bread rations
 p - a meat ration
 u - 5 chunks of flesh


   Skills:
 - Level 3.2 Fighting
 * Level 5.4 Long Blades
 - Level 3.1 Dodging
 - Level 1.8 Stealth


You had 4 spell levels left.
You didn't know any spells.

Dungeon Overview and Level Annotations

Branches:
Dungeon (4/15)
 Temple: D:4-7

Altars:
Ashenzari
Ru
Vehumet


Innate Abilities, Weirdness & Mutations

You have sharp toenails.
You sometimes gain a little power by taking damage.


Message History

The gnoll is heavily wounded.
You hit the frilled lizard.
You kill the frilled lizard!
The gnoll barely misses you.
You riposte.
You hit the gnoll.
You kill the gnoll!
You hit the gnoll but do no damage. The gnoll completely misses you.
The gnoll barely misses you.
You riposte.
You slash the gnoll!
The gnoll is severely wounded.
You hit the gnoll.
You kill the gnoll!
The gnoll hits you from afar with a halberd.
The gnoll hits you with a halberd.
* * * LOW HITPOINT WARNING * * *
You hit the gnoll but do no damage. The gnoll hits you with a halberd.
* * * LOW HITPOINT WARNING * * *
You closely miss the gnoll. The gnoll closely misses you.
You hit the gnoll.
The gnoll is moderately wounded.
The gnoll hits you with a halberd!
You die...

#.##...#)....#
#.#..........########
#....................
#.####.##.......#######.
#.......#......##
######..#..##.#########.
#### ####..##.).........
..... ##....########.. .....
#)@.....# ...... #.g..##.#
......####....##.#
..............##.###
..............##...#
..............####.#########
..............#.......)).).)
####(........##.......######
#.......#.##..........#


You could see a gnoll.

Vanquished Creatures
  2 orc wizards
  2 gnolls (D:4)
  5 adders
  5 dart slugs
  2 leopard geckos
  12 orcs
  A ball python (D:1)
  3 giant cockroaches
  6 goblins
  5 hobgoblins
  2 jackals (D:3)
  2 quokkas
  9 bats
  7 frilled lizards
  11 kobolds
  A rat (D:2)
75 creatures vanquished.

Notes
Turn   | Place    | Note
-------+----------+-------------------------------------------
     0 | D:1      | Gremour the Demonspawn Monk began the quest for the Orb.
     0 | D:1      | Reached XP level 1. HP: 18/18 MP: 1/1
   304 | D:1      | Gained mutation: You have sharp toenails. [demonic ancestry]
   304 | D:1      | Reached XP level 2. HP: 15/24 MP: 2/2
   876 | D:1      | Reached skill level 3 in Long Blades
  1167 | D:2      | Reached XP level 3. HP: 26/29 MP: 3/3
  1746 | D:3      | Reached skill level 4 in Long Blades
  1746 | D:3      | Reached XP level 4. HP: 32/35 MP: 4/4
  1772 | D:3      | Found a radiant altar of Vehumet.
  1957 | D:3      | Found a shattered altar of Ashenzari.
  2505 | D:3      | Gained mutation: You sometimes gain a little power by taking damage. [demonic ancestry]
  2505 | D:3      | Reached XP level 5. HP: 40/41 MP: 5/5
  2915 | D:4      | Reached skill level 5 in Long Blades
  2945 | D:4      | Found a sacrificial altar of Ru.
  3091 | D:4      | Slain by a gnoll

Skill      XL: |  1  2  3  4  5 |
---------------+----------------+-----
Dodging        | 3 |  3.1
Long Blades    | 3 4 5 |  5.4
Fighting       | |  3.2
Stealth        | |  1.8

Action                   |  1- 3 |  4- 6 || total
-------------------------+-------+-------++-------
Melee: Falchion          |   106 |   130 ||   236
       Kick              |    12 |       ||    12
 Fire: Blowgun           |       |     5 ||     5
  Use: Potion            |       |     2 ||     2
 Stab: Sleeping          |     4 |     2 ||     6
       Distracted        |       |     1 ||     1
  Eat: Chunk             |     3 |     4 ||     7
Armor: Robe              |    12 |       ||    12
       Ring mail         |    16 |    42 ||    58
       Leather armour    |       |    14 ||    14
Dodge: Dodged            |    71 |    96 ||   167
       Rpst.: Falchion   |    22 |    30 ||    52
